 Dungeon Crawl Stone Soup version 0.28.0 (webtiles) character file.

Game seed: 14328727589729518380

10287 horus123 the Spear-Bearer (level 11, 0/86 HPs)
             Began as a Merfolk Gladiator on Feb 12, 2022.
             Was a High Priest of the Shining One.
             Slain by a troll (7 damage)
             ... on level 10 of the Dungeon.
             The game lasted 00:18:47 (9829 turns).

horus123 the Spear-Bearer (Merfolk Gladiator)       Turns: 9829, Time: 00:18:48

Health: 0/86       AC: 15    Str: 19    XL:     11   Next: 59%
Magic:  17/17      EV: 14    Int:  7    God:    the Shining One [*****.]
Gold:   799        SH:  0    Dex: 16    Spells: 10/10 levels left

rFire   . . .      SeeInvis .   m - +3 glaive (vorpal)
rCold   + . .      Faith    .   (shield currently unavailable)
rNeg    + + .      Spirit   .   y - +0 chain mail
rPois   +          Reflect  .   c - +1 helmet
rElec   .          Harm     .   B - +0 cloak
rCorr   .          Rampage  .   (no gloves)
Will    .....                   (boots currently unavailable)
Stlth   ..........              A - amulet of regeneration
HPRegen 1.04/turn               D - ring of protection from cold
MPRegen 0.15/turn               (no ring)

@: glowing, very quick
A: nimble swimmer 2, mertail, poison resistance
a: Renounce Religion, Divine Shield, Cleansing Flame, Summon Divine Warrior


You were on level 10 of the Dungeon.
You worshipped the Shining One.
The Shining One was extremely pleased with you.
You visited 1 branch of the dungeon, and saw 10 of its levels.
You also visited: Ossuary.

You collected 799 gold pieces.

Inventory:

Hand Weapons
 m - a +3 vorpal glaive (weapon)
Missiles
 d - 4 throwing nets (quivered)
 e - 5 poisoned darts
Armour
 c - a +1 helmet (worn)
 y - a +0 chain mail (worn)
 B - a +0 cloak (worn)
Jewellery
 A - an amulet of regeneration (around neck)
 D - a ring of protection from cold (left hand)
Wands
 f - a wand of polymorph (5)
 n - a wand of acid (3)
 C - a wand of flame (11)
Scrolls
 a - 2 scrolls of amnesia
 g - 13 scrolls of teleportation
 k - 2 scrolls of summoning
 o - 2 scrolls of immolation
 r - 2 scrolls of vulnerability
 u - a scroll of brand weapon {unknown}
 w - 2 scrolls of fear
 E - 2 scrolls of enchant armour
 F - a scroll of enchant weapon
 G - a scroll of torment {unknown}
 H - 2 scrolls of identify
Potions
 b - 2 potions of attraction {unknown}
 h - 2 potions of cancellation
 i - 2 potions of heal wounds {unknown}
 j - 6 potions of haste
 l - 2 potions of curing {unknown}
 p - 2 potions of brilliance {unknown}
 q - 3 potions of flight
 s - 4 potions of mutation
 t - 2 potions of magic {unknown}
 v - a potion of ambrosia {unknown}
 x - 3 potions of invisibility {unknown}
 z - 2 potions of degeneration {unknown}


   Skills:
 - Level 8.3 Fighting
 - Level 11.2 Polearms
 - Level 2.0 Throwing
 - Level 9.0 Armour
 + Level 8.0 Dodging
 - Level 8.0 Invocations


You had 10 spell levels left.
You didn't know any spells.
Your spell library contained the following spells:

 Spells                   Type           Power      Damage    Failure   Level
 Animate Skeleton         Necr           0%         N/A       98%         1
 Apportation              Tloc           0%         N/A       98%         1
 Freeze                   Ice            0%         1d3       98%         1
 Summon Small Mammal      Summ           0%         N/A       98%         1
 Corpse Rot               Necr/Air       0%         N/A       99%         2
 Poisonous Vapours        Pois/Air       0%         N/A       99%         2
 Frozen Ramparts          Ice            0%         1d2       100%        3
 Ignite Poison            Fire/Tmut/Pois 0%         N/A       100%        3
 Mephitic Cloud           Conj/Pois/Air  0%         N/A       100%        3
 Hailstorm                Conj/Ice       0%         3d3       100%        4
 Freezing Cloud           Conj/Ice/Air   0%         6-21      100%        5
 Simulacrum               Ice/Necr       0%         N/A       100%        6
 Polar Vortex             Ice            0%         N/A       100%        9


Dungeon Overview and Level Annotations

Branches:
Dungeon (10/15)            Temple (0/1) D:7            Lair (0/6) D:9
Ossuary (visited)
    Orc: D:9-12

Altars:
Gozag
Hepliaklqana
Wu Jian
The Shining One

Shops:
D:1 *   D:2 (   D:6 =


Innate Abilities, Weirdness & Mutations

You are very nimble when in or above water. (Stealth+, EV+, Speed+++)
Your lower body shifts to a powerful aquatic tail in water.
Your system is resistant to poisons. (rPois)


Message History

You are too injured to fight recklessly!
You are too injured to fight recklessly!
You are too injured to fight recklessly!
You are too injured to fight recklessly!
A troll is nearby!
You barely miss the troll.
The troll is heavily wounded.
The troll barely misses you. The troll completely misses you.
The troll claws you.
You hit the troll but do no damage.
The troll is heavily wounded.
The troll bites you but does no damage. The troll claws you.
The troll barely misses you.
You hit the troll.
The troll is severely wounded.
The troll bites you!
* * * LOW HITPOINT WARNING * * *
The troll closely misses you. The troll claws you.
* * * LOW HITPOINT WARNING * * *
You barely miss the troll.
The troll is severely wounded.
The troll closely misses you.
The troll claws you but does no damage. x2
You barely miss the troll.
The troll is heavily wounded.
The troll bites you but does no damage. The troll claws you.
* * * LOW HITPOINT WARNING * * *
The troll claws you.
* * * LOW HITPOINT WARNING * * *
You hit the troll but do no damage.
The troll is heavily wounded.
The troll bites you.
* * * LOW HITPOINT WARNING * * *
The troll claws you.
* * * LOW HITPOINT WARNING * * *
The troll claws you but does no damage.
Your legs become a tail as you enter the water.
The troll bites you!
* * * LOW HITPOINT WARNING * * *
The troll misses you. The troll claws you!
You die...

## #.## ##.#####.#.#####.#.# ##
.####.#####.........[...#.#.## #
##...).......................####
#...........................#≈≈≈
#...........................#≈≈≈
#...........................#≈≈≈
##..≈≈≈≈≈≈≈≈≈≈≈.≈≈≈≈≈≈≈≈≈≈≈≈≈≈≈≈≈
≈≈≈≈≈≈≈≈≈≈≈≈≈≈≈÷≈#####≈≈≈≈≈≈≈≈≈≈#
≈≈≈≈≈≈≈≈≈#####≈.@#...#≈≈≈≈≈≈≈≈≈≈#
≈≈≈≈≈≈≈≈≈#(.†'...T..$#≈≈≈≈≈≈≈≈≈≈#
≈≈≈≈≈≈≈≈≈#...#≈.≈#####≈≈≈≈≈≈≈≈≈##
≈≈≈≈≈≈≈≈≈#####≈.≈≈≈≈≈≈≈≈≈≈≈≈≈###
≈≈≈≈≈≈≈≈≈≈≈≈≈≈≈.≈≈≈≈≈≈≈≈≈≈...#
≈#...........................#
##..................:........#
##...........................#
##..........[................####


You could see a troll.

Vanquished Creatures
  A two-headed ogre (D:8)
  A gargoyle (D:10)
  An unseen horror (D:7)
  A kobold demonologist (D:9)
  4 trolls (D:10)
  Sigmund (D:3)
  A shadow (D:9)
  16 yaks
  5 wyverns
  2 steam dragons
  5 water moccasins (D:9)
  2 orc warriors
  An ice beast (D:6)
  A sky beast (D:6)
  A necrophage (D:5)
  3 ogres
  3 centaurs
  A kobold brigand (D:8)
  3 wyvern zombies
  A gnoll sergeant (D:7)
  3 bullfrogs
  A water moccasin zombie (Ossuary)
  A wyvern skeleton (D:7)
  5 killer bees (D:8)
  11 wights
  A howler monkey (D:10)
  A crimson imp (D:4)
  9 bullfrog zombies
  3 centaur zombies (Ossuary)
  2 jellies
  A bullfrog skeleton (D:5)
  2 hounds
  4 orc priests
  A human zombie (D:5)
  Ijyb (D:4)
  2 iguanas
  8 orc wizards
  3 killer bee zombies
  12 mummies (Ossuary)
  3 howler monkey zombies (Ossuary)
  19 gnolls
  9 adders
  2 shadow imps
  A white imp (D:7)
  4 adder skeletons
  2 worms (D:2)
  3 dart slugs
  36 orcs
  10 ball pythons
  6 endoplasms
  5 giant cockroaches
  11 goblins
  5 hobgoblins
  4 jackals
  8 kobolds
  A quokka (D:1)
  7 bats
  5 frilled lizards
  2 goblin skeletons (D:4)
  A goblin zombie (D:4)
  2 hobgoblin zombies (D:4)
  3 kobold skeletons (D:4)
  2 orc skeletons (D:4)
  An orc zombie (D:4)
  4 rats (D:1)
  A rat zombie (D:5)
282 creatures vanquished.

Vanquished Creatures (others)
  An orc priest (D:9)
  An orc (D:4)
  6 plants (D:9)
  9 withered plants (Ossuary)
17 creatures vanquished.

Grand Total: 299 creatures vanquished

Notes
Turn   | Place    | Note
-------+----------+-------------------------------------------
     0 | D:1      | horus123 the Merfolk Gladiator began the quest for the Orb.
     0 | D:1      | Reached XP level 1. HP: 16/16 MP: 1/1
   206 | D:1      | Reached XP level 2. HP: 23/23 MP: 2/2
   296 | D:1      | Found Meigra's Assorted Antiques.
   516 | D:1      | Reached skill level 5 in Polearms
   577 | D:1      | Found a faded altar of an unknown god.
   820 | D:1      | Reached XP level 3. HP: 25/29 MP: 3/3
  1037 | D:2      | Found Tecahas's Weapon Shoppe.
  1417 | D:2      | Reached skill level 6 in Polearms
  1417 | D:2      | Reached XP level 4. HP: 35/35 MP: 4/4
  2157 | D:2      | Reached skill level 7 in Polearms
  2358 | D:3      | Noticed Sigmund
  2373 | D:3      | Reached XP level 5. HP: 24/41 MP: 5/5
  2378 | D:3      | Gained mutation: Your system is resistant to poisons.
                  | (rPois) [potion of mutation]
  2711 | D:3      | Killed Sigmund
  2712 | D:3      | Reached skill level 9 in Polearms
  2712 | D:3      | Reached XP level 6. HP: 46/47 MP: 6/6
  2958 | D:3      | Reached skill level 10 in Polearms
  3129 | D:3      | Reached XP level 7. HP: 36/52 MP: 7/7
  3485 | D:4      | Noticed Ijyb
  3756 | D:4      | Found a glowing golden altar of the Shining One.
  3797 | D:4      | Reached skill level 11 in Polearms
  3824 | D:4      | Became a worshipper of the Shining One
  3866 | D:4      | Killed Ijyb
  4420 | D:4      | Identified 2 scrolls of acquirement
  4422 | D:4      | Acquired a +2 vorpal glaive
  4427 | D:4      | Acquired 246 gold pieces
  4457 | D:4      | Found a hazy altar of Hepliaklqana.
  4669 | D:5      | Entered Level 5 of the Dungeon
  4698 | D:5      | Found a sand-covered staircase.
  4705 | Ossuary  | Entered an ossuary
  4719 | Ossuary  | Reached * piety under the Shining One
  4756 | Ossuary  | Reached skill level 5 in Fighting
  4782 | Ossuary  | Reached XP level 8. HP: 60/63 MP: 8/8
  4813 | Ossuary  | Reached ** piety under the Shining One
  5136 | Ossuary  | Reached *** piety under the Shining One
  5325 | D:5      | Found an opulent altar of Gozag.
  5512 | D:5      | Reached XP level 9. HP: 70/74 MP: 10/12
  5924 | D:6      | Reached skill level 5 in Invocations
  6089 | D:6      | Found Yhaad's Jewellery Shoppe.
  6621 | D:7      | Found a staircase to the Ecumenical Temple.
  6633 | D:7      | Reached skill level 1 in Armour
  6689 | D:7      | Noticed an unseen horror
  6693 | D:7      | Killed an unseen horror
  6772 | D:7      | Reached **** piety under the Shining One
  7032 | D:8      | Noticed a two-headed ogre
  7039 | D:8      | Killed a two-headed ogre
  7040 | D:8      | Reached XP level 10. HP: 41/80 MP: 16/16
  7295 | D:8      | Reached skill level 5 in Armour
  7894 | D:8      | HP: 2/80 [orc warrior (14)]
  8170 | D:9      | Found a staircase to the Lair.
  8206 | D:9      | Reached XP level 11. HP: 40/86 MP: 17/17
  8534 | D:9      | Reached ***** piety under the Shining One
  9125 | D:9      | Found an ornate altar of the Wu Jian Council.
  9255 | D:10     | Entered Level 10 of the Dungeon
  9335 | D:10     | Reached skill level 5 in Dodging
  9829 | D:10     | Slain by a troll

Illustrated notes

Levels and vault maps discovered:
D:1:      tarquinn_simple_flora_water_c, layout_basic, serial_shops, shop,
          ebering_ecumenical_altar_petrified, st_stairs_12,
          minmay_parallelograms
D:2:      layout_loops_corners, serial_shops, nicolae_shop_bloodbath_and_beyond
D:3:      wander_river, layout_rooms, serial_corexii_hall,
          chequers_hall_statues_y, chequers_hall_statues_corner_a, uniq_sigmund
D:4:      layout_loops_cross, kennysheep_mini, nicolae_tso_besieged_by_evil,
          uniq_ijyb
D:5:      layout_basic, mainiacjoe_overflow_cross_hatched, enter_ossuary_3
D:6:      layout_gridville, serial_shops, nicolae_shop_hallway_plus
D:7:      layout_rooms, minmay_temple_entry_stoned_glass, serial_rivers,
          chequers_serial_rivers_micro_c, chequers_serial_rivers_small_b,
          chequers_serial_rivers_room_a, chequers_serial_rivers_small_b,
          chequers_serial_rivers_marsh
D:8:      layout_gridville, grunt_ministairs_8
D:9:      layout_basic, kennysheep_little_box, minmay_lair_entry_grove
D:10:     lemuel_troll_bridge, layout_loops_ring

Skill      XL: |  1  2  3  4  5  6  7  8  9 10 11 |
---------------+----------------------------------+-----
Fighting       | 3 5 8 |  8.3
Polearms       | 5 6 7 9 10 11 | 11.2
Invocations    | 4 8 |  8.0
Armour         | 4 7 9 |  9.0
Dodging        | 8 |  8.0
Throwing       | |  2.0

Action                   |  1- 3 |  4- 6 |  7- 9 | 10-12 || total
-------------------------+-------+-------+-------+-------++-------
Melee: Trident           |    98 |   161 |    93 |       ||   352
       Punch             |     2 |     2 |     1 |       ||     5
       Glaive            |       |       |   243 |   225 ||   468
Throw: Throwing net      |       |       |       |     1 ||     1
  Use: Scroll            |     3 |     7 |    11 |     1 ||    22
       Potion            |       |     1 |       |       ||     1
Armor: Leather armour    |     3 |       |       |       ||     3
       Ring mail         |    22 |    23 |    45 |       ||    90
       Chain mail        |       |       |    70 |    96 ||   166
Dodge: Dodged            |    56 |    58 |   130 |   130 ||   374
